 Dungeon Crawl Stone Soup version 0.17.0-7-gfadd4cc (webtiles) character file.

2252 tp1 the Thaumaturge (level 9, -5/45 HPs)
             Began as a Deep Elf Conjurer on Nov 8, 2015.
             Was an Initiate of Vehumet.
             Slain by a wolf (9 damage)
             ... led by Grum
             ... on level 8 of the Dungeon.
             The game lasted 00:37:40 (7278 turns).

tp1 the Thaumaturge (Deep Elf Conjurer)             Turns: 7278, Time: 00:37:40

Health: -5/45      AC:  9    Str: 13    XL:     9   Next: 15%
Magic:  8/37       EV: 18    Int: 28    God:    Vehumet [......]
Gold:   428        SH:  0    Dex: 15    Spells: 3 memorised, 20 levels left

rFire  . . .     SeeInvis .     w - staff of power
rCold  . . .     Clarity  +     C - +2 leather armour of Kifuegim {rCorr Str+8 Int+4 Slay-4}
rNeg   . . .     SustAt   +     (no shield)
rPois  .         Gourm    .     (no helmet)
rElec  .         Spirit   .     o - +0 cloak
rCorr  +         Warding  .     G - +1 pair of gloves
rMut   .         Stasis   .     H - +0 pair of boots
MR     .....                    (no amulet)
Stlth  ++........               n - +6 ring of evasion
                                B - ring of sustain attributes

@: about to teleport, not resistant to hostile enchantments, unstealthy
A: clarity, deterioration 1, low mp 1, subdued magic 1
a: Renounce Religion


You were on level 8 of the Dungeon.
You worshipped Vehumet.
Vehumet was noncommittal.
You were hungry.

You visited 2 branches of the dungeon, and saw 9 of its levels.

You collected 428 gold pieces.

Inventory:

Hand Weapons
 d - a +2 mace of protection
 t - a +4 rapier of venom
 y - the +4 flail of Nocwa {crush, MR- Dex+4}
   (You found it on level 5 of the Dungeon)

   It inflicts extra damage upon your enemies.
   It affects your dexterity (+4).
   It affects your resistance to hostile enchantments.
Armour
 a - a +0 robe
 i - a +0 pair of gloves
 o - a +0 cloak (worn)
 C - the +2 leather armour of Kifuegim (worn) {rCorr Str+8 Int+4 Slay-4}
   (You found it on level 4 of the Dungeon)

   It affects your strength (+8).
   It affects your intelligence (+4).
   It affects your accuracy and damage with ranged weapons and melee attacks
   (-4).
   It protects you from acid and corrosion.
 G - a +1 pair of gloves (worn)
 H - a +0 pair of boots (worn)
Magical Staves
 w - an uncursed staff of power (weapon)
Jewellery
 l - a +6 ring of strength
 n - a +6 ring of evasion (right hand)
 s - a +3 ring of strength
 B - a ring of sustain attributes (left hand)
Wands
 r - a wand of slowing (13)
 x - a wand of disintegration (13)
Scrolls
 f - a scroll of enchant weapon
 g - a scroll of teleportation
 j - a scroll of immolation {unknown}
 u - 2 scrolls of magic mapping {unknown}
 A - 3 scrolls of remove curse
 D - 3 scrolls of amnesia
 E - a scroll of identify
Potions
 e - 2 potions of lignification
 h - a potion of cancellation {unknown}
 k - a potion of ambrosia
 m - 4 potions of curing
 q - a potion of poison
 v - 3 potions of brilliance
Books
 b - a book of Conjurations

   Spells                             Type                      Level
   a - Magic Dart                     Conjuration                  1
   b - Searing Ray                    Conjuration                  2
   c - Dazzling Spray                 Conjuration/Hexes            3
   d - Fulminant Prism                Conjuration/Hexes            4
   e - Iskenderun's Mystic Blast      Conjuration                  4
   f - Iskenderun's Battlesphere      Conjuration/Charms           5
Comestibles
 c - 3 bread rations
 p - a chunk of flesh
 z - a meat ration


   Skills:
 - Level 2.4 Dodging
 - Level 2.4 Stealth
 - Level 10.0 Spellcasting
 + Level 10.0 Conjurations
 - Level 7.2 Charms


You had 20 spell levels left.
You knew the following spells:

 Your Spells              Type           Power        Failure   Level  Hunger
a - Magic Dart            Conj           ####         0%          1    None
b - Searing Ray           Conj           #####.       0%          2    None
d - Iskenderun's Battles  Conj/Chrm      #####...     1%          5    ###....


Dungeon Overview and Level Annotations

Branches:
Dungeon (8/15)             Temple (1/1) D:7
   Lair: D:8-11

Altars:
Ashenzari
Cheibriados
Elyvilon
Fedhas
Gozag
Makhleb
Nemelex Xobeh
Qazlal
Ru
Sif Muna
Trog
Vehumet
Xom
Yredelemnul
Zin
The Shining One

Shops:
D:6 *   D:7 %

Annotations:
D:8 Grum


Innate Abilities, Weirdness & Mutations

You possess an exceptional clarity of mind.
Your body sometimes deteriorates upon taking damage.
Your magical capacity is low (-10% MP).
Your spells are a little easier to cast, but a little less powerful.


Message History

The wolf barely misses you. The wolf misses you.
The wolf completely misses you. The adder bites you but does no damage.
The wolf misses you.
Casting: Magic Dart
Confirm with . or Enter, or press ? or * to list all spells.
Aiming: Magic Dart
Press: ? - help, Shift-Dir - straight line, f/p - wolf
Aim: a wolf (severely wounded)
Okay, then.
Read which item? (? for menu, Esc to quit)
As you read the scroll of teleportation, it crumbles to dust.
You feel strangely unstable. The wolf misses you. The wolf barely misses you.
The wolf bites you.
* * * LOW HITPOINT WARNING * * *
The adder misses you.
Grum grunts, "My dogs and I will have a feast tonight..."
The wolf bites you!
* * * LOW HITPOINT WARNING * * *
The wolf misses you. The wolf bites you!
You die...

###......# .###
..###....###.#.#
#>...<..## #.#.
#####...### .>.
##....###.##
###.......#
#.####..########
#..##...h...*..#
##....ooh@.....#
...........gSh.....#
.............o.....#
.........o.........#
o.o..#..........####
..#..............#
##....##....(.?..#
#)### #...##...##


You could see Grum, 3 wolves, an orc wizard, an adder and 3 orcs.

Vanquished Creatures
  A wolf (D:8)
  An orc warrior (D:7)
  3 sky beasts
  A centaur (D:5)
  2 ogres
  The ghost of HungrySpirit the Chopper, an amateur HOIE (D:3)
  A necrophage (D:5)
  2 giant frogs
  A scorpion (D:6)
  2 crimson imps
  3 jellies
  7 orc priests
  2 hounds (D:5)
  4 orc wizards
  A gnoll shaman (D:7)
  Ijyb (D:3)
  2 centaur skeletons
  A giant frog skeleton (D:6)
  3 worker ants
  2 iguanas
  A hound zombie (D:7)
  A worker ant zombie (D:7)
  13 adders
  8 gnolls
  3 shadow imps
  2 worms
  7 giant geckos
  33 orcs
  5 bats
  6 giant cockroaches
  8 goblins
  9 hobgoblins
  7 jackals
  4 ball pythons
  A giant gecko zombie (D:5)
  4 giant newts
  12 kobolds
  5 quokkas
  A quokka skeleton (D:8)
  5 rats
176 creatures vanquished.

Notes
Turn   | Place    | Note
--------------------------------------------------------------
     0 | D:1      | tp1 the Deep Elf Conjurer began the quest for the Orb.
     0 | D:1      | Reached XP level 1. HP: 10/10 MP: 6/6
   343 | D:1      | Reached XP level 2. HP: 15/15 MP: 4/8
   347 | D:1      | Learned a level 2 spell: Searing Ray
  1305 | D:2      | Reached skill level 5 in Spellcasting
  1305 | D:2      | Reached XP level 3. HP: 19/19 MP: 5/11
  1849 | D:2      | Reached skill level 5 in Conjurations
  1863 | D:2      | Reached XP level 4. HP: 24/24 MP: 5/13
  2123 | D:3      | Noticed Ijyb
  2130 | D:3      | Killed Ijyb
  2130 | D:3      | Reached skill level 6 in Conjurations
  2130 | D:3      | Reached XP level 5. HP: 23/28 MP: 6/14
  2164 | D:3      | Learned a level 5 spell: Iskenderun's Battlesphere
  2526 | D:3      | Noticed HungrySpirit's ghost (amateur HOIE)
  2559 | D:3      | Killed HungrySpirit's ghost
  2559 | D:3      | Reached XP level 6. HP: 32/32 MP: 6/15
  2769 | D:3      | Noticed an ogre
  2774 | D:3      | Killed an ogre
  3440 | D:4      | Reached skill level 7 in Charms
  3440 | D:4      | Reached XP level 7. HP: 36/36 MP: 2/16
  3672 | D:4      | Found a glowing golden altar of the Shining One.
  3684 | D:4      | Got a warped leather armour
  3695 | D:4      | Identified the +2 leather armour of Kifuegim {rCorr Str+8 Int+4 Slay-4} (You found it on level 4 of the Dungeon)
  3801 | D:4      | Found a sparkling altar of Nemelex Xobeh.
  3861 | D:5      | Entered Level 5 of the Dungeon
  4105 | D:5      | Found a sacrificial altar of Ru.
  4597 | D:5      | Got a blackened flail
  4598 | D:5      | Identified the +4 flail of Nocwa {crush, MR- Dex+4} (You found it on level 5 of the Dungeon)
  4674 | D:5      | Reached skill level 8 in Spellcasting
  4843 | D:5      | Reached skill level 9 in Spellcasting
  4843 | D:5      | Reached XP level 8. HP: 26/41 MP: 23/23
  5040 | D:6      | Found Utyhioz's General Store.
  5050 | D:6      | Reached skill level 10 in Spellcasting
  5545 | D:6      | Found a blossoming altar of Fedhas.
  5914 | D:7      | Found a snail-covered altar of Cheibriados.
  5973 | D:7      | Found Tiottako's Food Boutique.
  6005 | D:7      | Found a staircase to the Ecumenical Temple.
  6014 | Temple   | Entered the Ecumenical Temple
  6049 | Temple   | Became a worshipper of Vehumet
  6404 | D:7      | Reached XP level 9. HP: 45/45 MP: 25/25
  6413 | D:7      | Gained mutation: Your magical capacity is low (-10% MP). [mutagenic meat]
  6414 | D:7      | Gained mutation: Your body sometimes deteriorates upon taking damage. [mutagenic meat]
  6415 | D:7      | Gained mutation: Your spells are a little easier to cast, but a little less powerful. [mutagenic meat]
  6416 | D:7      | Gained mutation: Your body often deteriorates upon taking damage. [mutagenic meat]
  6417 | D:7      | Lost mutation: Your body often deteriorates upon taking damage. [mutagenic meat]
  6418 | D:7      | Gained mutation: You possess an exceptional clarity of mind. [mutagenic meat]
  6660 | D:7      | Found Tiottako's Food Boutique.
  6797 | D:7      | Found a snail-covered altar of Cheibriados.
  6855 | D:7      | Found a staircase to the Ecumenical Temple.
  7268 | D:8      | Noticed Grum
  7276 | D:8      | Reached skill level 10 in Conjurations
  7278 | D:8      | Slain by a wolf

Action                   |  1- 3 |  4- 6 |  7- 9 || total
-------------------------+-------+-------+-------++-------
Melee: Dagger            |     3 |       |       ||     3
       Staff             |       |       |     4 ||     4
 Cast: Magic Dart        |    76 |    61 |   134 ||   271
       Searing Ray       |     3 |     8 |     5 ||    16
       Iskenderun's Batt |       |     3 |    36 ||    39
  Use: Scroll            |       |     7 |     8 ||    15
       Potion            |       |       |     3 ||     3
  Eat: Chunk             |     3 |     4 |    23 ||    30
       Beef jerky        |       |       |     2 ||     2
